 Dungeon Crawl Stone Soup version 0.29.1-1-gd02db6906a (webtiles) character file.

Game seed: 8844615347289807431

39 hikkokomori the Insei (level 3, -2/24 HPs)
             Began as an Octopode Transmuter on Oct 6, 2022.
             Slain by a goblin
             ... wielding a +0 club
             ... led by Robin
              (3 damage)
             ... on level 2 of the Dungeon.
             The game lasted 00:03:44 (1753 turns).

hikkokomori the Insei (Octopode Transmuter)         Turns: 1753, Time: 00:03:45

Health: -2/24      AC:  1    Str:  9    XL:     3   Next: 47%
Magic:  6/6        EV: 13    Int: 23    God:
Gold:   88         SH:  0    Dex: 12    Spells: 5/6 levels left

rFire   . . .      SeeInvis .   e - +0 rapier
rCold   . . .      Faith    .   (no shield)
rNeg    . . .      Spirit   .   (helmet currently unavailable)
rPois   .          Reflect  .   (no amulet)
rElec   .          Harm     .   g - +6 ring of intelligence
rCorr   .          Rampage  .   (no ring)
Will    .....                   (no ring)
Stlth   +++.......              (no ring)
HPRegen 0.08/turn               (no ring)
MPRegen 0.10/turn               (no ring)
                                (no ring)
                                (no ring)

@: appendages (expiring)
A: tentacle spike 3, almost no armour, amphibious, 8 rings, camouflage 1,
gelatinous body 1, (nimble swimmer 1), tentacles
a: End Transformation


You were on level 2 of the Dungeon.
One of your tentacles had grown a beastly spike.
You visited 1 branch of the dungeon, and saw 2 of its levels.

You collected 88 gold pieces.

Inventory:

Hand Weapons
 e - a +0 rapier (weapon)
Jewellery
 g - a +6 ring of intelligence (left tentacle)
Scrolls
 b - a scroll of amnesia {unknown}
 d - a scroll of silence {unknown}
Potions
 a - a potion of lignification
 c - a potion of degeneration {unknown}
 f - 2 potions of ambrosia {unknown}


   Skills:
 + Level 2.3 Fighting
 - Level 2.0 Dodging
 + Level 1.4 Stealth
 - Level 3.5 Unarmed Combat
 - Level 2.0 Spellcasting
 + Level 2.1 Transmutations


You had 5 spell levels left.
You knew the following spells:

 Your Spells              Type           Power      Damage    Failure   Level
a - Beastly Appendage     Tmut           24%        N/A       5%          1

Your spell library contained the following spells:

 Spells                   Type           Power      Damage    Failure   Level
 Wereblood                Tmut           12%        N/A       9%          2
 Slow                     Hex            8%         N/A       13%         1
 Spider Form              Tmut/Pois      7%         N/A       26%         3
 Confusing Touch          Hex            2%         N/A       36%         3
 Vampiric Draining        Necr           2%         2d6       36%         3
 Ice Form                 Ice/Tmut       7%         N/A       63%         4


Dungeon Overview and Level Annotations

Branches:
Dungeon (2/15)

Altars:

Annotations:
D:2 Robin


Innate Abilities, Weirdness & Mutations

One of your tentacles has grown a beastly spike.
You cannot wear most types of armour.
You are amphibious.
You can wear up to eight rings at the same time.
Your skin changes colour to match your surroundings (Stealth+).
Your rubbery body absorbs attacks. (AC +1, EV +1)
((You are camouflaged when in or above water. (Stealth+)))
You have tentacles for arms and can constrict up to eight enemies at once.


Message History

The goblin is severely wounded.
You constrict the goblin.
You kill the goblin!
The goblin barely misses you.
Unknown command.
You miss the goblin. Your grab misses the goblin.
Your tentacle spike misses the goblin.
The goblin hits you with a +0 club. The goblin closely misses you.
The goblin misses you.
Unknown command.
You hit the goblin but do no damage. You grab the goblin.
You pierce the goblin.
You squeeze the goblin.
You kill the goblin!
The goblin hits you with a +0 dagger. The goblin misses you.
Unknown command.
You hit the goblin. Your grab misses the goblin.
You pierce the goblin.
You kill the goblin!
Your transformation is almost over.
The goblin hits you with a +0 dagger. x4
* * * LOW HITPOINT WARNING * * *
Unknown command.
You are too injured to fight recklessly!
Unknown command.
You are too injured to fight recklessly!
You barely miss the goblin. You grab the goblin. You constrict the goblin.
The goblin misses you. The goblin hits you with a +0 club.
* * * LOW HITPOINT WARNING * * *
The goblin misses you.
Unknown command.
You hit the goblin.
You kill the goblin!
The goblin barely misses you. The goblin hits you with a +0 dagger.
* * * LOW HITPOINT WARNING * * *
Unknown command.
The goblin closely misses you.
Things that are here:
a +0 dagger; a fuming puce potion; a goblin corpse Unknown command.
You closely miss the goblin. Your grab misses the goblin.
Your tentacle spike misses the goblin.
The goblin hits you with a +0 club.
You die...

....# ###..# .... .... #
. #..##..# .## .. #....#
#..## ... #..# ##...
.... #..# ##..#
.....###..###...#
#...)......#.# .#
#..)g@.....#.# .#
.....###g.###...###.####
.... #..# ##..........
... ##..# ##......... .
##....# ##.........
.##..##..##..........
......$.............
#.......>...........
#.............######


You could see 2 goblins.

Vanquished Creatures
  A dart slug (D:2)
  4 bats (D:1)
  3 endoplasms (D:1)
  2 giant cockroaches (D:1)
  9 goblins
  3 hobgoblins
  2 kobolds (D:1)
  A quokka (D:1)
  4 ball pythons (D:1)
  2 rats (D:1)
31 creatures vanquished.

Notes
Turn   | Place    | Note
-------+----------+-------------------------------------------
     0 | D:1      | hikkokomori the Octopode Transmuter began the quest for the
                  | Orb.
     0 | D:1      | Reached XP level 1. HP: 13/13 MP: 3/3
   115 | D:1      | Reached XP level 2. HP: 16/18 MP: 5/5
   180 | D:1      | Found a faded altar of an unknown god.
   685 | D:1      | Reached XP level 3. HP: 4/24 MP: 4/6
  1154 | D:1      | Reached skill level 1 in Stealth
  1426 | D:2      | Noticed Robin
  1751 | D:2      | HP: 1/24 [goblin/+0 dagger[Robin] (2)]
  1753 | D:2      | Slain by a goblin

Illustrated notes

Levels and vault maps discovered:
D:1:      minmay_arrival_glassed_features, layout_rooms,
          hellmonk_ecumenical_altar_lost_god, grunt_decor_one_mirror
D:2:      layout_basic, palyth_stone_intersect, uniq_robin

Skill      XL: |  1  2  3 |
---------------+----------+-----
Fighting       | 2 |  2.3
Stealth        | 1 |  1.4
Dodging        | |  2.0
Unarmed Combat | |  3.5
Spellcasting   | |  2.0
Transmutations | |  2.1

Action                   || total
-------------------------++-------
Melee: Unarmed           ||    30
       Constrict         ||    15
       Kick              ||    14
       Rapier            ||    34
       Tentacles         ||     4
       Punch             ||     2
 Cast: Beastly Appendage ||    10
 Stab: Sleeping          ||     1
Armor: Skin              ||     6
Dodge: Dodged            ||    55
